 Dungeon Crawl Stone Soup version 0.21.1-1-g345015f (webtiles) character file.

1997 chorionicmirror the Blocker (level 9, -3/72 HPs)
             Began as a Minotaur Fighter on June 24, 2018.
             Was a Believer of Okawaru.
             Killed by divine providence
             ... invoked by an orc priest
              (13 damage)
             ... on level 7 of the Dungeon.
             The game lasted 00:28:38 (5005 turns).

chorionicmirror the Blocker (Minotaur Fighter)      Turns: 5005, Time: 00:28:40

Health: -3/72      AC: 17    Str: 29    XL:     9   Next: 2%
Magic:  10/10      EV:  9    Int:  5    God:    Okawaru [**....]
Gold:   400        SH: 17    Dex: 10    Spells: 8/8 levels left

rFire    . . .     SeeInvis +   a - +0 long sword
rCold    . . .     Gourm    +   c - +0 shield
rNeg     . . .     Faith    .   J - +0 plate armour
rPois    .         Spirit   .   (helmet restricted)
rElec    .         Reflect  .   (no cloak)
rCorr    .         Harm     .   n - +0 pair of gloves
MR       .....                  k - +0 pair of boots
Stlth    ..........             x - amulet of the gourmand
HPRegen  0.22/turn              y - +3 ring of protection
MPRegen  0.12/turn              g - +3 ring of evasion

@: mighty
A: retaliatory headbutt, horns 2, large bone plates 1, see invisible
a: Heroism, Renounce Religion


You were on level 7 of the Dungeon.
You worshipped Okawaru.
Okawaru was pleased with you.
You were completely stuffed.

You visited 2 branches of the dungeon, and saw 8 of its levels.

You collected 400 gold pieces.

Inventory:

Hand Weapons
 a - a +0 long sword (weapon)
 b - a +0 hunting sling
Missiles
 i - 9 tomahawks (quivered)
 l - 4 curare-tipped needles
 u - 18 poisoned needles
 z - 39 sling bullets
 B - 6 javelins
Armour
 c - a +0 shield (worn)
 k - a +0 pair of boots (worn)
 n - a +0 pair of gloves (worn)
 J - a +0 plate armour (worn)
Jewellery
 e - an uncursed ring of stealth
 g - a +3 ring of evasion (right hand)
 r - an uncursed ring of see invisible
 t - a +3 ring of intelligence
 x - an amulet of the gourmand (around neck)
 y - a +3 ring of protection (left hand)
 D - an uncursed ring of protection from cold
Wands
 v - a wand of flame (41)
Scrolls
 h - a scroll of fear {unknown}
 j - a scroll of noise {unknown}
 m - a scroll of blinking {unknown}
 o - 2 scrolls of enchant weapon {unknown}
 p - 3 scrolls of remove curse {unknown}
 s - 2 scrolls of teleportation {unknown}
 A - 2 scrolls of immolation {unknown}
 C - 3 scrolls of enchant armour
 F - a scroll of random uselessness {unknown}
 H - a scroll of magic mapping {unknown}
Potions
 d - a potion of might
 q - 3 potions of curing
 w - 2 potions of agility {unknown}
 E - 2 potions of haste
 G - a potion of invisibility {unknown}
 K - a potion of berserk rage {unknown}
Comestibles
 f - 8 rations
 I - 7 chunks of flesh


   Skills:
 + Level 4.6 Fighting
 + Level 7.6 Long Blades
 - Level 2.1 Throwing
 + Level 4.6 Armour
 * Level 10.8 Shields
 - Level 3.0 Invocations


You had 8 spell levels left.
You didn't know any spells.

Dungeon Overview and Level Annotations

Branches:
Dungeon (7/15)             Temple (1/1) D:4

Altars:
Dithmenos
Fedhas
Hepliaklqana
Kikubaaqudgha
Makhleb
Okawaru
Qazlal
Ru
Sif Muna
Trog
Uskayaw
Vehumet
Xom
Yredelemnul
Zin
The Shining One

Annotations:
D:7 Menkaure


Innate Abilities, Weirdness & Mutations

You reflexively headbutt those who attack you in melee.
You have a pair of horns on your head.
You are partially covered in large bone plates. (SH +4)
You have supernaturally acute eyesight. (SInv)


Message History

The orc priest hits you. The orc misses you.
You riposte.
You hit the orc but do no damage.
You kill the orc!
Okawaru accepts your kill.
Your plate armour prevents you from hitting the orc priest.
You headbutt the orc priest.
The orc priest is almost dead.
You are engulfed in a cloud of scalding steam.
You block the steam dragon's attack. The steam dragon misses you.
The orc priest mumbles some strange prayers to Beogh against you.
Beogh smites you!
* * * LOW HITPOINT WARNING * * *
You feel very mighty all of a sudden. Menkaure hits you!
* * * LOW HITPOINT WARNING * * *
You block the steam dragon's attack.
The steam dragon claws you but does no damage.
The orc priest calls down the wrath of Beogh upon you.
Beogh smites you!
You die...

# #. ###### . #.#
...)... #.
#..###...... ...
#..... ...
#...######..###.#
#...#......#Mo#
####....###.D@#####
#.....s.....o........
#...######.†########.
#. #.......#
#.####..<# #....#
##...# #..# ...


You could see a steam dragon, Menkaure, a scorpion (wandering), an orc priest
and an orc wizard.

Vanquished Creatures
  The ghost of Rwicked the Spear-Bearer, a novice MiBe of Trog (D:4)
  Prince Ribbit (D:6)
  Eustachio (D:5)
  A phantom (D:5)
  A sky beast (D:5)
  An ogre (D:5)
  A centaur (D:5)
  Blork the orc (D:6)
  A scorpion (D:6)
  2 howler monkeys
  2 crimson imps (D:5)
  2 hounds
  A jelly (D:5)
  A centaur skeleton (D:4)
  3 orc priests
  4 orc wizards
  A bullfrog skeleton (D:4)
  An iguana (D:6)
  7 worker ants
  A hound skeleton (D:5)
  2 worker ant zombies
  8 adders
  A shadow imp (D:6)
  2 oozes
  An adder zombie (D:5)
  5 worms
  2 dart slugs
  2 leopard geckos (D:2)
  16 orcs
  A giant cockroach (D:2)
  5 goblins
  6 hobgoblins
  3 jackals (D:6)
  6 kobolds
  2 quokkas
  5 bats
  A frilled lizard (D:1)
  A jackal skeleton (D:4)
  A leopard gecko skeleton (D:6)
  9 rats
113 creatures vanquished.

Vanquished Creatures (others)
  A human (D:3)
  A quokka (D:7)
2 creatures vanquished.

Grand Total: 115 creatures vanquished

Notes
Turn   | Place    | Note
-------+----------+-------------------------------------------
     0 | D:1      | chorionicmirror the Minotaur Fighter began the quest for the Orb.
     0 | D:1      | Reached XP level 1. HP: 19/19 MP: 0/0
   157 | D:1      | Reached XP level 2. HP: 18/27 MP: 1/1
   185 | D:1      | Reached skill level 4 in Shields
   806 | D:2      | Found a glowing silver altar of Zin.
   849 | D:2      | Reached skill level 1 in Throwing
   849 | D:2      | Reached XP level 3. HP: 33/33 MP: 2/2
  1143 | D:2      | Gained mutation: You have supernaturally acute eyesight. (SInv) [potion of mutation]
  1143 | D:2      | Gained mutation: You are partially covered in large bone plates. (SH +4) [potion of mutation]
  1206 | D:3      | Reached XP level 4. HP: 40/40 MP: 3/3
  1314 | D:3      | Reached skill level 5 in Shields
  1390 | D:3      | Found an ancient bone altar of Kikubaaqudgha.
  1393 | D:3      | Noticed a human
  1397 | D:3      | Killed a human
  1762 | D:4      | Reached XP level 5. HP: 27/46 MP: 4/4
  1770 | D:4      | HP: 2/46 [orc wizard/magic dart (10)]
  2048 | D:4      | Found a staircase to the Ecumenical Temple.
  2061 | D:4      | Reached skill level 6 in Shields
  2092 | Temple   | Entered the Ecumenical Temple
  2320 | Temple   | Became a worshipper of Warmaster Okawaru
  2344 | D:4      | Noticed Rwicked's ghost (novice MiBe)
  2344 | D:4      | Reached XP level 6. HP: 52/52 MP: 5/5
  2369 | D:4      | Killed Rwicked's ghost
  2369 | D:4      | Reached skill level 5 in Long Blades
  2369 | D:4      | Reached skill level 7 in Shields
  2369 | D:4      | Reached XP level 7. HP: 52/59 MP: 6/6
  2509 | D:4      | Reached skill level 8 in Shields
  2765 | D:4      | Reached skill level 1 in Invocations
  2868 | D:5      | Entered Level 5 of the Dungeon
  2987 | D:5      | Reached * piety under Okawaru
  3260 | D:5      | Reached skill level 9 in Shields
  3312 | D:5      | Reached XP level 8. HP: 60/66 MP: 8/8
  3349 | D:5      | Found a shadowy altar of Dithmenos.
  3383 | D:5      | Found a deep blue altar of Sif Muna.
  3383 | D:5      | Found a shimmering altar of Xom.
  3510 | D:5      | Noticed Eustachio
  3527 | D:5      | Killed Eustachio
  3903 | D:6      | Reached skill level 10 in Shields
  4041 | D:6      | Found a hide-covered altar of Uskayaw.
  4193 | D:6      | Noticed Prince Ribbit
  4358 | D:6      | Killed Prince Ribbit
  4358 | D:6      | Reached ** piety under Okawaru
  4673 | D:6      | Noticed Blork the orc
  4684 | D:6      | Killed Blork the orc
  4796 | D:6      | Noticed a moth of wrath
  4799 | D:6      | Found a bloodstained altar of Trog.
  4995 | D:7      | Reached XP level 9. HP: 64/72 MP: 10/10
  4997 | D:7      | Noticed Menkaure
  5005 | D:7      | Killed from afar by an orc priest

Skill      XL: |  1  2  3  4  5  6  7  8 |
---------------+-------------------------+-----
Shields        | 4 5 6 7 9 10 | 10.8
Throwing       | 1 2 |  2.1
Armour         | 4 |  4.6
Fighting       | 4 |  4.6
Long Blades    | 3 4 5 6 7 |  7.6
Invocations    | 2 3 |  3.0

Action                   |  1- 3 |  4- 6 |  7- 9 || total
-------------------------+-------+-------+-------++-------
Melee: Long sword        |   100 |   109 |   261 ||   470
       Headbutt          |     8 |    16 |    60 ||    84
 Fire: Hunting sling     |       |     8 |       ||     8
Throw: Tomahawk          |       |     7 |    26 ||    33
Invok: Heroism           |       |       |     2 ||     2
  Use: Scroll            |     3 |       |     3 ||     6
       Potion            |     1 |     3 |     1 ||     5
  Eat: Chunk             |     1 |    12 |    15 ||    28
Armor: Scale mail        |    10 |       |       ||    10
       Chain mail        |    33 |    32 |    61 ||   126
       Skin              |       |    27 |       ||    27
       Plate armour      |       |       |    26 ||    26
Dodge: Dodged            |    27 |    30 |    59 ||   116
Block: Shield            |    54 |    99 |   193 ||   346
       Rpst.: Long sword |    11 |     7 |    24 ||    42
